 Dungeon Crawl Stone Soup version 0.20.1-1-g8b1a95d (webtiles) character file.

126 poirepourri the Ruffian (level 5, 0/41 HPs)
             Began as a Ghoul Gladiator on Nov 2, 2017.
             Slain by a gnoll
             ... wielding a +0 whip
              (3 damage)
             ... on level 2 of the Dungeon.
             The game lasted 00:02:18 (1554 turns).

poirepourri the Ruffian (Ghoul Gladiator)           Turns: 1554, Time: 00:02:19

Health: 0/41       AC:  4    Str: 17 (18) XL:     5   Next: 9%
Magic:  4/4        EV: 18    Int:  3      God:
Gold:   49         SH:  0    Dex: 16      Spells: 4/4 levels left

rFire    . . .     SeeInvis .     - Unarmed
rCold    + . .     Gourm    .   (no shield)
rNeg     + + +     Faith    .   a - +0 leather armour
rPois    ∞         Spirit   .   b - +0 helmet
rElec    .         Reflect  .   (no cloak)
rCorr    .         Harm     .   (no gloves)
MR       .....                  (no boots)
Stlth    +.........             (no amulet)
Regen    0.0/turn               e - ring of loudness (curse)
MPRegen  0.1/turn               (no ring)

@: agile, flying (expiring), rotting, hasted, very quick
A: rotting body, claws 1, carnivore 3, cold resistance 1, negative energy
resistance 3, inhibited regeneration, torment resistance, unbreathing
a: no special abilities


You were on level 2 of the Dungeon.
You were not hungry.

You visited 1 branch of the dungeon, and saw 2 of its levels.

You collected 49 gold pieces.

Inventory:

Missiles
 c - 3 throwing nets (quivered)
 l - 34 sling bullets
Armour
 a - a +0 leather armour (worn)
 b - a +0 helmet (worn)
Jewellery
 e - a cursed ring of loudness (left claw)
Scrolls
 j - a scroll of teleportation
Potions
 i - a potion of magic
 k - a potion of mutation
Comestibles
 d - a meat ration
 f - 5 chunks of flesh
 h - 2 royal jellies


   Skills:
 - Level 2.1 Fighting
 - Level 1.7 Throwing
 - Level 2.6 Dodging
 + Level 6.2 Unarmed Combat


You had 4 spell levels left.
You didn't know any spells.

Dungeon Overview and Level Annotations

Branches:
Dungeon (2/15)

Altars:


Innate Abilities, Weirdness & Mutations

Your body is rotting away.
You thrive on raw meat.
You are immune to poison.
You have sharp fingernails.
You are carnivorous and can eat meat at any time.
Your flesh is cold resistant. (rC+)
You are immune to negative energy. (rN+++)
You do not regenerate when monsters are visible.
You are immune to unholy pain and torment.
You can survive without breathing.


Message History

The gnoll barely misses you.
You barely miss the gnoll.
The gnoll is severely wounded.
The gnoll hits you with a whip.
* * * LOW HITPOINT WARNING * * *
You scratch the gnoll.
The gnoll is severely wounded.
You closely miss the gnoll.
The gnoll is severely wounded.
The gnoll completely misses you.
You completely miss the gnoll.
The gnoll is severely wounded.
You completely miss the gnoll.
The gnoll is severely wounded.
The gnoll misses you.
You scratch the gnoll.
The gnoll is almost dead.
You are starting to lose your buoyancy.
The gnoll hits you with a whip.
You die...

#........ #.#
#.######. #.#
#.# #. #.#
#.# #. #.#
#.# #. #.#
#.# #. #.#
#.# #.
#g######
#.#### #.
#@))...#
#....# #.
######.#
####.# #. #.#
#.# #.
#.######.###.
#.....)...<..
########.....
#####. ##


You could see a gnoll.

Vanquished Creatures
  3 gnolls (D:2)
  4 adders (D:2)
  An ooze (D:2)
  A worm (D:2)
  2 dart slugs (D:2)
  A leopard gecko (D:2)
  A giant cockroach (D:2)
  5 goblins (D:1)
  9 hobgoblins
  5 jackals
  6 kobolds
  A ball python (D:1)
  3 bats
  2 frilled lizards (D:1)
  2 rats
46 creatures vanquished.

Notes
Turn   | Place    | Note
-------+----------+-------------------------------------------
     0 | D:1      | poirepourri the Ghoul Gladiator began the quest for the Orb.
     0 | D:1      | Reached XP level 1. HP: 17/17 MP: 0/0
     2 | D:1      | Noticed a minotaur
     4 | D:1      | Noticed a dwarf
     6 | D:1      | Noticed a felid
     6 | D:1      | Noticed a vampire
     8 | D:1      | Noticed an ogre
     8 | D:1      | Noticed a troll
    10 | D:1      | Noticed a draconian
    12 | D:1      | Noticed a spriggan
    12 | D:1      | Noticed a human
    14 | D:1      | Noticed a formicid
    14 | D:1      | Noticed a demigod
    16 | D:1      | Noticed a demonspawn
    16 | D:1      | Noticed a naga
    19 | D:1      | Noticed an octopode
    19 | D:1      | Noticed a merfolk
    21 | D:1      | Noticed a tengu
    23 | D:1      | Noticed a vine stalker
    23 | D:1      | Noticed an elf
    25 | D:1      | Noticed a ghoul
    25 | D:1      | Noticed a centaur
    27 | D:1      | Noticed a gargoyle
    27 | D:1      | Noticed a halfling
   204 | D:1      | Reached XP level 2. HP: 24/24 MP: 1/1
   222 | D:1      | Reached skill level 4 in Unarmed Combat
   617 | D:1      | Reached XP level 3. HP: 28/29 MP: 2/2
   955 | D:2      | Reached skill level 5 in Unarmed Combat
  1014 | D:2      | Reached XP level 4. HP: 13/36 MP: 3/3
  1533 | D:2      | Reached skill level 6 in Unarmed Combat
  1533 | D:2      | Reached XP level 5. HP: 16/41 MP: 4/4
  1554 | D:2      | Slain by a gnoll

Skill      XL: |  1  2  3  4 |
---------------+-------------+-----
Unarmed Combat | 4 5 6 |  6.2
Fighting       | |  2.1
Throwing       | |  1.7
Dodging        | |  2.6

Action                   |  1- 3 |  4- 6 || total
-------------------------+-------+-------++-------
Melee: Unarmed           |    90 |    73 ||   163
       Punch             |       |     3 ||     3
  Use: Scroll            |     3 |     1 ||     4
       Potion            |       |     6 ||     6
  Eat: Chunk             |    10 |     5 ||    15
Armor: Leather armour    |    24 |    12 ||    36
Dodge: Dodged            |    64 |    45 ||   109
